 Dungeon Crawl Stone Soup version 0.28.0-45-g0d030f2227 (webtiles) character file.

Game seed: 12915093581672171560

69410 Mesmaeker13 the Summoner (level 14, 116/116 HPs)
             Began as a Grey Draconian Summoner on Apr 22, 2022.
             Was an Elder of Sif Muna.
             Got out of the dungeon alive.
             The game lasted 01:04:03 (34674 turns).

Mesmaeker13 the Summoner (Grey Draconian Summoner) Turns: 34674, Time: 01:04:04

Health: 116/116    AC: 16    Str: 17    XL:     14   Next: 90%
Magic:  28/28      EV: 17    Int: 20    God:    Sif Muna [****..]
Gold:   2321       SH:  5    Dex: 15    Spells: 18/34 levels left

rFire   . . .      SeeInvis .   f - +2 trident (vamp)
rCold   . . .      Faith    .   i - +0 buckler
rNeg    . . .      Spirit   .   (armour unavailable)
rPois   .          Reflect  .   (helmet restricted)
rElec   .          Harm     .   s - +0 cloak
rCorr   +          Rampage  .   E - +1 pair of gloves {Dex+3}
Will    +....                   (no boots)
Stlth   ++........              (no amulet)
HPRegen 0.29/turn               n - ring of resist corrosion
MPRegen 0.21/turn               D - +6 ring of strength

@: no status effects
A: AC +13, amphibious, unfitting armour, cold-blooded
a: Renounce Religion, Channel Magic, Forget Spell, Divine Exegesis


You escaped.
You worshipped Sif Muna.
Sif Muna was greatly pleased with you.
You visited 4 branches of the dungeon, and saw 22 of its levels.

You collected 2552 gold pieces.
You spent 231 gold pieces at shops.

Inventory:

Hand Weapons
 f - a +2 vampiric trident (weapon)
 J - a +3 scimitar of flaming
 R - the +7 short sword "Woskewn" {vorpal, SInv}
   (You found it on level 4 of the Lair of Beasts)

   It inflicts extra damage upon your enemies.
   SInv:      It lets you see invisible.
Missiles
 b - 9 curare-tipped darts (quivered)
Armour
 i - a +0 buckler (worn)
 s - a +0 cloak (worn)
 E - a +1 pair of gloves of dexterity (worn)
Jewellery
 d - a ring of magical power
 n - a ring of resist corrosion (left hand)
 p - a ring of protection from fire
 r - a ring of positive energy
 x - a ring of flight
 D - a +6 ring of strength (right hand)
 P - a ring of magical power
Wands
 c - a wand of paralysis (6)
 B - a wand of digging (9)
 C - a wand of iceblast (7)
 M - a wand of acid (1)
 S - a wand of flame (11)
Scrolls
 a - 3 scrolls of blinking
 e - 2 scrolls of magic mapping
 g - 8 scrolls of teleportation
 u - 3 scrolls of fog
 v - 2 scrolls of noise
 y - 4 scrolls of identify
 H - 5 scrolls of fear
Potions
 h - 3 potions of brilliance
 j - a potion of cancellation
 k - 2 potions of flight
 l - a potion of haste
 z - 5 potions of mutation
 A - 2 potions of curing
 F - 3 potions of lignification
 I - a potion of invisibility
 K - 2 potions of berserk rage
 L - a potion of magic


   Skills:
 - Level 8.3 Fighting
 - Level 5.4 Polearms
 - Level 10.1 Dodging
 - Level 1.7 Stealth
 + Level 4.3 Shields
 + Level 10.9 Spellcasting
 + Level 13.9 Summonings
 + Level 10.0 Translocations
 - Level 6.0 Air Magic
 + Level 7.3 Invocations


You had 18 spell levels left.
You knew the following spells:

 Your Spells              Type           Power      Damage    Failure   Level
a - Passage of Golubria   Tloc           50%        N/A       1%          4
b - Call Imp              Summ           61%        N/A       1%          2
c - Call Canine Familiar  Summ           61%        N/A       1%          3
d - Summon Lightning Spi  Summ/Air       50%        N/A       1%          4
e - Teleport Other        Tloc           50%        N/A       1%          3

Your spell library contained the following spells:

 Spells                   Type           Power      Damage    Failure   Level
 Apportation              Tloc           100%       N/A       1%          1
 Summon Small Mammal      Summ           100%       N/A       1%          1
 Blink                    Tloc           100%       N/A       1%          2
 Gell's Gravitas          Tloc           50%        N/A       1%          3
 Lesser Beckoning         Tloc           50%        N/A       1%          3
 Summon Guardian Golem    Hex/Summ       38%        N/A       1%          3
 Manifold Assault         Tloc           50%        N/A       3%          5
 Animate Skeleton         Necr           20%        N/A       9%          1
 Magic Dart               Conj           40%        1d5       9%          1
 Sandblast                Erth           20%        2d7       9%          1
 Iskenderun's Mystic Bla  Conj/Tloc      31%        2d8       10%         4
 Mephitic Cloud           Conj/Pois/Air  19%        N/A       11%         3
 Passwall                 Tmut/Erth      8%         N/A       12%         2
 Dispersal                Tloc           25%        N/A       19%         6
 Dazzling Flash           Conj/Hex       20%        N/A       24%         3
 Stone Arrow              Conj/Erth      20%        3d8       24%         3
 Tukima's Dance           Hex            10%        N/A       24%         3
 Silence                  Hex/Air        11%        N/A       54%         5
 Anguish                  Hex/Necr       5%         N/A       63%         4
 Cause Fear               Hex            5%         N/A       63%         4
 Leda's Liquefaction      Hex/Erth       5%         N/A       63%         4
 Alistair's Intoxication  Tmut/Pois      6%         N/A       92%         5
 Borgnjor's Vile Clutch   Necr/Erth      5%         N/A       92%         5
 Excruciating Wounds      Necr           5%         N/A       92%         5
 Lee's Rapid Deconstruct  Erth           5%         3d7*      92%         5
 Starburst                Conj/Fire      5%         6d4       100%        6
 Statue Form              Tmut/Erth      6%         N/A       100%        6
 Dragon Form              Tmut           5%         N/A       100%        7
 Enfeeble                 Hex            5%         N/A       100%        7
 Lehudib's Crystal Spear  Conj/Erth      5%         10d3      100%        8
 Dragon's Call            Summ           30%        N/A       100%        9


Dungeon Overview and Level Annotations

Branches:
Dungeon (13/15)            Temple (1/1) D:5            Lair (6/6) D:10
 Shoals (0/4) Lair:4        Snake (0/4) Lair:3        Slime (0/5) Lair:6
    Orc (2/2) D:9             Elf (0/3) Orc:2        Vaults (0/5) D:13

Altars:
Ashenzari
Cheibriados
Dithmenos
Elyvilon
Fedhas
Gozag
Hepliaklqana
Kikubaaqudgha
Makhleb
Nemelex Xobeh
Okawaru
Qazlal
Ru
Sif Muna
Trog
Uskayaw
Vehumet
Wu Jian
Xom
Yredelemnul
Zin
The Shining One

Shops:
D:5 [   D:9 ([   Orc:2 [?(?

Annotations:
D:13 2 transporters, exclusion: orange crystal statue, Mebb's ghost, journeyman SpEn; SHADDY's ghost, journeyman DECj
Lair:3 2 transporters
Lair:5 exclusion: oklob plant
Lair:6 exclusions: oklob plant and 1 more exclusion


Innate Abilities, Weirdness & Mutations

Your dull iron-grey scales are very hard. (AC +13)
You are amphibious.
You cannot fit into any form of body armour.
You are cold-blooded and may be slowed by cold attacks.


Message History

There is a stone staircase leading down here.
There is a stone staircase leading up here.
You climb upwards.
There is a stone staircase leading down here.
There is a stone staircase leading up here.
Things that are here:
a +0 plate armour; a +0 battleaxe You climb upwards.
There is a stone staircase leading down here.
There is a stone staircase leading up here.
You climb upwards.
There is a stone staircase leading down here.
There is a stone staircase leading up here.
You climb upwards.
There is a stone staircase leading down here.
Things that are here:
a boomerang; a +0 war axe You see here a +0 helmet.
There is a stone staircase leading up here.
You climb upwards.
There is a stone staircase leading down here.
You see here a +0 hand axe.
There is a stone staircase leading up here.
You climb upwards.
There is a stone staircase leading down here.
There is an open door here.
There is a stone staircase leading up here.
You climb upwards.
There is a stone staircase leading down here.
There is a stone staircase leading up here.
You climb upwards.
There is a stone staircase leading down here.
There is a stone staircase leading up here.
You climb upwards.
There is a stone staircase leading down here.
There is a large open door here.
There is an open door here.
There is a staircase leading out of the dungeon here.
Are you sure you want to leave the Dungeon?
This will make you lose the game!
You have escaped!

#.# #.# #.# #.# #### #.#
###.# #... #.# #...# #.##
#.# #...# #.# #.#
#####''## #.# #.#
#.##8..8## #.# #.#
#.###..### #.# #.#
#.#@'..+.# #.# #.#
#.###..### #.#
#.#####.#8....8# ######.#
#.##....###..#####...##.##
#.##....#.+..+.##.###.#...
#.##..#####..###.## ##.###
#.##..# #8....8#.# #.#
#.##..#####..###.## ##.#
#.......#.+..+.##.###.## #


There were no monsters in sight!

Vanquished Creatures
  Josephine (D:11)
  A fire dragon (Lair:6)
  A two-headed ogre (D:12)
  2 cyclopes
  A centaur zombie (D:10)
  3 black mambas
  2 rime drakes
  5 komodo dragons
  3 cane toads
  An ice devil (Lair:4)
  2 trolls
  2 hornets
  Grinder (D:5)
  6 wyverns
  9 yaks
  2 fire elementals (D:12)
  2 basilisks
  3 humans (D:13)
  2 vampire mosquitoes
  A steam dragon (Lair:6)
  A naga (Lair:3)
  An acid dragon (D:13)
  6 water moccasins
  6 orc warriors
  A swamp drake (Lair:6)
  7 centaurs
  2 phantoms
  4 wolves
  9 bullfrogs
  5 scorpions
  A wyvern skeleton (D:6)
  3 howler monkeys (D:9)
  7 orc priests
  2 hounds
  A bullfrog skeleton (D:5)
  9 orc wizards
  2 iguanas
  8 gnolls
  2 adders
  2 white imps (D:7)
  A worm (D:2)
  A dart slug (D:1)
  25 orcs
  5 ball pythons
  5 endoplasms
  2 giant cockroaches (D:1)
  4 goblins
  3 hobgoblins
  2 jackals (D:4)
  2 quokkas (D:4)
  3 bats
  A frilled lizard (D:2)
  2 kobolds
  4 rats
189 creatures vanquished.

Vanquished Creatures (collateral kills)
  Rupert (Lair:5)
  Azrael (D:12)
  4 boulder beetles (D:12)
  3 vault guards (D:13)
  Erolcha (D:10)
  Erica (D:8)
  6 hydras
  A centaur warrior (D:13)
  A two-headed ogre (D:10)
  An orc high priest (Orc:2)
  3 death yaks (Lair:5)
  A swamp dragon (Lair:6)
  A lindwurm (Lair:5)
  3 oklob plants (Lair:5)
  An ugly thing (D:11)
  2 orc knights (Orc:2)
  A wolf spider (Lair:6)
  2 manticores (D:13)
  A cyclops (D:13)
  5 orc sorcerers (Orc:2)
  Maurice (D:12)
  2 centaur zombies
  6 black mambas
  A guardian serpent (Lair:6)
  15 cane toads
  A gargoyle (D:11)
  2 rime drakes (Lair:5)
  Psyche (D:8)
  3 komodo dragons
  4 red devils (D:12)
  An ice devil (Lair:4)
  2 hornets
  4 trolls
  2 polar bears (Lair:4)
  Prince Ribbit (D:9)
  A merfolk (Lair:4)
  8 blink frogs
  2 shadows (D:9)
  2 vampires
  5 wraiths
  8 wyverns (Lair:6)
  27 yaks
  5 humans (D:13)
  3 redbacks (Lair:6)
  5 fire elementals (D:12)
  Grum (D:8)
  8 basilisks
  6 vampire mosquitoes
  Menkaure (D:5)
  3 acid dragons (Lair:6)
  3 nagas (Lair:3)
  4 wargs
  A hell hound (D:12)
  19 water moccasins
  14 orc warriors
  A swamp drake (Lair:6)
  2 ice beasts
  A black bear (D:4)
  4 ogres
  2 necrophages
  7 wolves
  5 centaurs
  A kobold brigand (D:10)
  A nameless horror (D:12)
  2 gnoll sergeants
  3 bullfrogs
  A scorpion (D:7)
  A water moccasin zombie (D:6)
  5 wights (D:7)
  2 howler monkeys
  A bullfrog zombie (D:5)
  2 jellies
  A gnoll shaman (D:6)
  7 orc priests
  3 hounds
  A bullfrog skeleton (D:6)
  Jessica (D:2)
  4 iguanas
  24 orc wizards
  A killer bee zombie (D:7)
  6 gnolls
  4 adders
  A shadow imp (D:5)
  An ufetubus (D:5)
  A worm (D:2)
  A dart slug (D:1)
  31 orcs
  2 endoplasms
  A giant cockroach (D:1)
  A goblin (D:3)
  3 hobgoblins
  3 ball pythons (D:1)
  2 bats
  2 frilled lizards
  6 kobolds
  4 rats
364 creatures vanquished.

Vanquished Creatures (others)
  A vault guard (D:13)
  2 orc wizards
  3 bushes
  35 fungi
  101 plants
142 creatures vanquished.

Grand Total: 695 creatures vanquished

Notes
Turn   | Place    | Note
-------+----------+-------------------------------------------
     0 | D:1      | Mesmaeker13 the Draconian Summoner began the quest for the
                  | Orb.
     0 | D:1      | Reached XP level 1. HP: 14/14 MP: 3/3
   388 | D:1      | Reached XP level 2. HP: 16/20 MP: 1/5
  1269 | D:1      | Learned a level 2 spell: Call Imp
  1334 | D:2      | Reached XP level 3. HP: 26/26 MP: 4/7
  1571 | D:2      | Found a faded altar of an unknown god.
  1942 | D:2      | Reached XP level 4. HP: 33/33 MP: 5/8
  2078 | D:2      | Noticed Jessica
  2094 | D:2      | Killed Jessica
  2095 | D:2      | Reached skill level 5 in Summonings
  2351 | D:2      | Learned a level 3 spell: Call Canine Familiar
  3015 | D:4      | Reached XP level 5. HP: 38/38 MP: 10/10
  3121 | D:4      | Noticed a black bear
  3133 | D:4      | Killed a black bear
  3134 | D:4      | Reached XP level 6. HP: 45/45 MP: 6/12
  3249 | D:5      | Entered Level 5 of the Dungeon
  3611 | D:5      | Reached skill level 6 in Summonings
  3723 | D:5      | Noticed Grinder
  3725 | D:5      | Noticed Menkaure
  3733 | D:5      | Your scales start taking on a dull iron-grey colour.
  3733 | D:5      | Reached XP level 7. HP: 27/50 MP: 9/14
  3746 | D:5      | Killed Menkaure
  3747 | D:5      | Reached skill level 5 in Spellcasting
  4017 | D:4      | Learned a level 4 spell: Summon Lightning Spire
  4224 | D:4      | Reached skill level 1 in Air Magic
  4348 | D:4      | Reached XP level 8. HP: 52/57 MP: 14/16
  4674 | D:5      | Found Ucku Lum's Antique Armour Emporium.
  4696 | D:5      | Reached skill level 7 in Summonings
  4836 | D:5      | Paralysed by Grinder for 3 turns
  4846 | D:5      | Killed Grinder
  4885 | D:5      | Found a staircase to the Ecumenical Temple.
  5127 | D:5      | Reached skill level 5 in Dodging
  5499 | D:6      | Noticed a troll
  5554 | D:6      | Killed a troll
  5806 | D:6      | Reached XP level 9. HP: 53/62 MP: 18/18
  6187 | D:6      | Reached skill level 8 in Summonings
  7890 | D:8      | Noticed Erica
  8809 | D:8      | Noticed Grum
  8929 | D:8      | Killed Grum
  9185 | D:8      | Killed Erica
  9186 | D:8      | Reached skill level 9 in Summonings
  9186 | D:8      | Reached XP level 10. HP: 38/69 MP: 14/21
  9519 | D:8      | Noticed Psyche
  9541 | D:8      | Killed Psyche
  9542 | D:8      | Reached skill level 5 in Air Magic
 10081 | D:9      | Found Puniufe's Weapon Shop.
 10092 | D:9      | Found a staircase to the Orcish Mines.
 10093 | D:9      | Found Fong's Armour Shop.
 10127 | D:9      | Bought a +1 pair of gloves of dexterity for 231 gold pieces
 10855 | D:9      | Found a blossoming altar of Fedhas.
 11120 | D:9      | Noticed Prince Ribbit
 11132 | D:9      | Killed Prince Ribbit
 11333 | D:10     | Entered Level 10 of the Dungeon
 11333 | D:10     | Found a staircase to the Lair.
 11493 | D:10     | Identified the +7 mace "Ogreslayer" {venom, Str+4}
 11782 | D:10     | Noticed a two-headed ogre
 11797 | D:10     | Killed a two-headed ogre
 11798 | D:10     | Reached skill level 1 in Polearms
 11930 | Temple   | Entered the Ecumenical Temple
 12106 | Temple   | Became a worshipper of Sif Muna the Loreminder
 12622 | D:10     | Learned a level 3 spell: Teleport Other
 12701 | D:10     | Reached XP level 11. HP: 74/74 MP: 11/23
 12704 | D:10     | Reached skill level 10 in Summonings
 12705 | D:10     | Reached skill level 1 in Translocations
 12849 | D:10     | Noticed Erolcha
 13488 | D:11     | Noticed a purple ugly thing
 13504 | D:11     | Killed a purple ugly thing
 13900 | D:11     | Identified the +3 leather armour of Shadows and Fog {Str+2}
 13950 | D:11     | Noticed Josephine
 13967 | D:11     | Killed Josephine
 14225 | D:11     | Found a stormy altar of Qazlal.
 14471 | D:10     | Reached * piety under Sif Muna
 14537 | D:10     | Killed Erolcha
 14796 | Lair:1   | Entered Level 1 of the Lair of Beasts
 15251 | Lair:1   | Reached skill level 11 in Summonings
 15393 | Lair:1   | Identified the +0 leather armour of Yrria {+Inv rF+ Will+
                  | Int+4}
 15405 | Lair:1   | Identified the +0 robe "Hujipt" {+Blink rPois rF- rC++}
 15545 | Lair:1   | Reached skill level 5 in Polearms
 15765 | Lair:1   | Reached XP level 12. HP: 81/81 MP: 20/24
 16007 | Lair:1   | Reached skill level 5 in Translocations
 16964 | Lair:2   | Reached skill level 1 in Fighting
 17601 | Lair:2   | Found a sacrificial altar of Ru.
 18409 | Lair:3   | Reached ** piety under Sif Muna
 18458 | Lair:3   | Found a transporter.
 18681 | Lair:3   | Noticed a five-headed hydra
 18702 | Lair:3   | Killed a five-headed hydra
 18985 | Lair:3   | Found a transporter.
 18985 | Lair:3   | Found the macabre finger necklace {rN+}
 19090 | Lair:3   | Found a staircase to the Snake Pit.
 19746 | Lair:4   | Reached skill level 10 in Dodging
 19840 | Lair:4   | You fall into a shaft and drop 2 floors!
 19840 | Lair:6   | Entered Level 6 of the Lair of Beasts
 19847 | Lair:5   | Noticed Rupert
 19996 | Lair:4   | Reached skill level 12 in Summonings
 20283 | Lair:4   | Found a staircase to the Shoals.
 20775 | Lair:4   | Reached skill level 5 in Fighting
 20952 | Lair:4   | Identified the +7 short sword "Woskewn" {vorpal, SInv}
 21466 | Lair:5   | Noticed a death yak
 21468 | Lair:5   | Noticed a death yak
 21471 | Lair:5   | Noticed a death yak
 21561 | Lair:5   | Learned a level 4 spell: Passage of Golubria
 21622 | Lair:5   | Noticed a seven-headed hydra
 21648 | Lair:5   | Killed a seven-headed hydra
 21649 | Lair:5   | Reached XP level 13. HP: 22/100 MP: 10/25
 22221 | Lair:5   | Reached skill level 1 in Invocations
 22320 | Lair:5   | Reached *** piety under Sif Muna
 22469 | Lair:5   | Killed Rupert
 23852 | Lair:6   | Found a staircase to the Slime Pits.
 24563 | Lair:6   | Reached skill level 13 in Summonings
 25339 | Lair:6   | Paralysed by a hornet for 3 turns
 25343 | Lair:6   | Reached **** piety under Sif Muna
 25503 | Lair:6   | Reached skill level 10 in Spellcasting
 25503 | Lair:6   | Reached skill level 5 in Invocations
 25840 | Lair:6   | Reached XP level 14. HP: 47/114 MP: 14/28
 27724 | Orc:1    | Entered Level 1 of the Orcish Mines
 28232 | Orc:2    | Entered Level 2 of the Orcish Mines
 28246 | Orc:1    | Noticed an orc warlord
 28495 | Orc:2    | Reached skill level 1 in Shields
 28822 | Orc:2    | Reached ***** piety under Sif Muna
 29108 | Orc:2    | Paralysed by an orc sorcerer for 6 turns
 29673 | Orc:2    | Found a staircase to the Elven Halls.
 29707 | Orc:2    | Found Uryic's Armour Shoppe.
 29707 | Orc:2    | Found Bam Raoz's Weapon Emporium.
 29708 | Orc:2    | Found Keifru Kiott's Magic Scroll Emporium.
 29712 | Orc:2    | Found Bamnimem's Magic Scroll Shoppe.
 30717 | D:12     | Received a gift from Sif Muna
 30727 | D:12     | Got Harecin's Catalogue of Quantum Evil Magic {god gift}
 31349 | D:12     | Noticed Azrael
 32135 | D:12     | Noticed Maurice
 32156 | D:12     | Killed Maurice
 32333 | D:12     | Killed Azrael
 33541 | D:13     | Noticed Mebb's ghost (journeyman SpEn)
 33543 | D:13     | Noticed SHADDY's ghost (journeyman DECj)
 33556 | D:13     | Found a transporter.
 33817 | D:13     | Reached skill level 10 in Translocations
 34108 | D:13     | Found a gate to the Vaults.
 34339 | D:13     | Found a transporter.
 34674 | D:$      | Got out of the dungeon alive.

Illustrated notes

Levels and vault maps discovered:
D:1:      wander_arrival_abandoned_jail, layout_loops_ring
D:2:      layout_loops_ring, nicolae_ecumenical_snake_handling, uniq_jessica
D:3:      layout_rooms, hex_medium
D:4:      layout_basic, minmay_stone_trees_small, minivault_25,
          amethyst_killhole
D:5:      layout_gridville, minmay_temple_entry_sparse_star, serial_shops,
          nicolae_stop_n_shop_1, minivault_19, uniq_grinder, uniq_menkaure
D:6:      layout_basic, st_stairs_12, kennysheep_generic_room_10
D:7:      layout_loops_ring, hangedman_decor_riveting,
          minmay_a_box_with_orc_wizards_in_it
D:8:      minmay_weird_star, layout_basic, kennysheep_nub, uniq_erica,
          uniq_psyche, uniq_grum
D:9:      layout_grid_maze, kennysheep_mini_moat, orc_david_3,
          roderic_lattice_a, hangedman_decor_push, uniq_prince_ribbit1
D:10:     layout_basic, lair_entry_dummy, nicolae_sextant, uniq_erolcha
D:11:     layout_roguey, minivault_11, st_stairs_1,
          nicolae_qazlal_style_of_elements, uniq_josephine
D:12:     layout_cave_pods, einodemon_armed_red_devil_minivault, uniq_azrael,
          uniq_maurice
D:13:     layout_irregular_city, ximxim_vaults_locker_room, nzn_ghost_randoct
Temple:   mainiacjoe_temple_starburst
Lair:1:   layout_loops_ring, minmay_hedge_maze, beast_lair_carwin_9,
          infiniplex_staircase_pool
Lair:2:   layout_cave_pods, lemuel_centaur_altar
Lair:3:   gammafunk_worm_tunnel, layout_cave_pods,
          minmay_snake_entry_guardpost_small, lemuel_fruit_tree,
          grunt_megastairs_5
Lair:4:   layout_regular_city, elwin_shoals_entry_rooms,
          portal_ice_cave_demonic_guard
Lair:5:   minmay_lair_oklob_tunnel, layout_concentric_octagons, uniq_rupert
Lair:6:   guppyfry_lair_end_dragon, layout_hall_layers,
          hangedman_lair_tendril_chambers, slime_dummy,
          nicolae_quartered_pool_medium, minivault_26, grunt_megastairs_3
Orc:1:    layout_caves, nicolae_orc_tapped_out
Orc:2:    st_orc_mages, layout_caves, mines2_lemuel

Skill      XL: |  1  2  3  4  5  6  7  8  9 10 11 12 13 14 |
---------------+-------------------------------------------+-----
Spellcasting   | 3 4 5 6 7 8 10 | 10.9
Summonings     | 5 6 7 9 11 12 13 | 13.9
Dodging        | 2 3 4 5 6 7 9 10 | 10.1
Air Magic      | 1 3 4 6 |  6.0
Polearms       | 1 5 |  5.4
Translocations | 4 7 8 10 | 10.0
Fighting       | 5 7 8 |  8.3
Invocations    | 5 7 |  7.3
Shields        | 4 |  4.3
Stealth        | |  1.7

Action                   |  1- 3 |  4- 6 |  7- 9 | 10-12 | 13-15 || total
-------------------------+-------+-------+-------+-------+-------++-------
Melee: Club              |    15 |       |       |       |       ||    15
       Unarmed           |     8 |       |       |     6 |       ||    14
       Falchion          |    52 |     4 |       |       |       ||    56
       Punch             |     3 |       |     2 |     8 |     4 ||    17
       Tailslap          |     2 |     7 |    29 |    70 |    96 ||   204
       Spear             |       |    67 |   226 |   381 |       ||   674
       Dagger            |       |    10 |       |       |       ||    10
       Trident           |       |       |       |    52 |   536 ||   588
       Short sword       |       |       |       |       |     9 ||     9
Throw: Dart              |     4 |     6 |     2 |       |       ||    12
 Cast: Summon Small Mamm |    35 |     6 |     1 |       |       ||    42
       Call Imp          |    11 |    10 |     8 |     7 |    18 ||    54
       Call Canine Famil |       |    14 |    19 |    50 |    68 ||   151
       Summon Lightning  |       |       |    24 |    94 |   153 ||   271
       Teleport Other    |       |       |       |     5 |       ||     5
Evoke: Wand              |       |     1 |       |     2 |    12 ||    15
  Use: Scroll            |       |     4 |     3 |    18 |     6 ||    31
       Potion            |       |       |     3 |     4 |     7 ||    14
 Stab: Sleeping          |     2 |       |     7 |       |     1 ||    10
       Distracted        |     1 |     1 |     3 |    14 |    27 ||    46
Armor: Skin              |    36 |    23 |    77 |   160 |   205 ||   501
Dodge: Dodged            |    68 |    60 |   137 |   328 |   454 ||  1047
Block: Buckler           |       |       |       |       |    56 ||    56
